 Dungeon Crawl Stone Soup version 0.30.1-9-gdf580d7c3d (webtiles) character file.

Game seed: 14252648358724711827

89 Amplified the Shield-Bearer (level 4, -1/36 (37) HPs)
             Began as a Formicid Fighter on Oct 11, 2023.
             Slain by Crazy Yiuf
             ... wielding a +4 quarterstaff of chaos
              (2 damage)
             ... on level 2 of the Dungeon.
             The game lasted 00:01:39 (1058 turns).

Amplified the Shield-Bearer (Formicid Fighter)      Turns: 1058, Time: 00:01:40

HP:   -1/36 (37)    AC:  7    Str: 22    XL:     4   Next: 84%
MP:   4/4           EV:  9    Int:  8    God:
Gold: 116           SH:  7    Dex: 13    Spells: 3/3 levels left

rFire   . . .        a - +1 flail
rCold   . . .        c - +2 buckler
rNeg    . . .        b - +0 scale mail
rPois   .            (helmet unavailable)
rElec   .            (no cloak)
rCorr   +            (no gloves)
SInv    +            (no boots)
Will    .....        (no amulet) Stlth
                     l - ring of resist corrosion
HPRegen 0.26/turn    (no ring)
MPRegen 0.09/turn

%: no passive effects
@: mighty, attractive, lightly drained
A: permanent stasis, dig shafts and tunnels, antennae 3, four strong arms
a: Dig, Shaft Self


You were on level 2 of the Dungeon.
You visited 1 branch of the dungeon, and saw 2 of its levels.

You collected 116 gold pieces.

Inventory:

Hand Weapons
 a - a +1 flail (weapon)
Armour
 b - a +0 scale mail (worn)
 c - a +2 buckler (worn)
Jewellery
 g - a +5 ring of evasion
 l - a ring of resist corrosion (left hand)
Scrolls
 k - a scroll of teleportation {unknown}
 n - a scroll of identify {unknown}
 o - 2 scrolls of amnesia
Potions
 f - a potion of degeneration {unknown}
 h - 2 potions of mutation {unknown}
 i - a potion of heal wounds {unknown}
 j - a potion of berserk rage {unknown}
 m - a potion of invisibility {unknown}
 p - a potion of flight {unknown}


   Skills:
 + Level 4.0 Fighting
 + Level 2.8 Maces & Flails
 + Level 4.0 Armour
 + Level 4.9 Shields


You had 3 spell levels left.
You didn't know any spells.
Your spell library contained the following spells:

 Spells                   Type           Power      Damage    Failure   Level
 Sublimation of Blood     Necr           0%         N/A       90%         2
 Wereblood                Tmut           0%         N/A       90%         2
 Summon Hydra             Summ           0%         N/A       100%        7


Dungeon Overview and Level Annotations

Branches:
Dungeon (2/15)

Altars:

Annotations:
D:2 Crazy Yiuf


Innate Abilities, Weirdness & Mutations

You cannot be hasted, slowed, berserked, paralysed or teleported.
You can dig through walls and to a lower floor.
You have a pair of large antennae on your head. (SInv)
Your four strong arms can wield two-handed weapons with a shield.


Message History

o - 2 scrolls of amnesia (gained 1)
Things that are here:
a +0 whip; a stone You pick up a book of Blood and begin reading...
You add the spells Sublimation of Blood, Wereblood and Summon Hydra to your library.
i - a clear potion You see here a rat corpse.
Things that are here:
a +0 whip; a stone You see here a hobgoblin corpse.
Crazy Yiuf shouts!
Could not explore, unopened runed door.
No reachable target in view!
You aren't carrying any items that you can evoke.
Unknown command.
Press: ? - help, v - describe, . - travel, g - get item Item here: a runed hammer.
The floor.
Press: ? - help, v - describe, . - travel
Here: Crazy Yiuf, wielding a +4 quarterstaff of chaos and wearing a +0 cloak (fire blocked by a runed translucent door)
The floor.
Unknown command.
You aren't carrying any items that you can evoke.
Unknown command.
Okay, then.
It was a potion of attraction.
You feel attractive to monsters.
You feel very mighty all of a sudden.
You open the door. You barely miss Crazy Yiuf.
Crazy Yiuf laughs, "Nubble sow dark!"
Crazy Yiuf hits you with a +4 quarterstaff of chaos.
You feel drained.
Crazy Yiuf hits you with a +4 quarterstaff of chaos.
You are electrocuted!
You hit Crazy Yiuf but do no damage.
Crazy Yiuf hits you with a +4 quarterstaff of chaos!
* * * LOW HITPOINT WARNING * * *
Crazy Yiuf burns you.
You die...

#.......###....#
###.#..###.
######### #....#
#†.#..... #....#
##..#####.
#...## #...## ##
##.## ###.#..##
#.## #...##..#
##.# #######.#
#.## #.## ##@#
#..# #g# ##.##
... #..# #...#
##.## #..)# #..<
##### #... #...
#... ####


You could see Crazy Yiuf.

Vanquished Creatures
  2 adders (D:2)
  2 worms (D:2)
  4 dart slugs
  2 ball pythons (D:1)
  6 endoplasms
  A giant cockroach (D:1)
  2 goblins (D:1)
  3 hobgoblins (D:2)
  8 jackals (D:1)
  7 kobolds
  2 quokkas (D:1)
  3 bats
  6 frilled lizards
  5 rats
53 creatures vanquished.

Notes
Turn   | Place    | Note
-------+----------+-------------------------------------------
     0 | D:1      | Amplified the Formicid Fighter began the quest for the Orb.
     0 | D:1      | Reached XP level 1. HP: 18/18 MP: 1/1
    50 | D:1      | Reached XP level 2. HP: 24/24 MP: 2/2
   196 | D:1      | Reached XP level 3. HP: 21/29 MP: 3/3
   663 | D:2      | Reached XP level 4. HP: 37/37 MP: 4/4
   853 | D:2      | Found a runed translucent door.
   854 | D:2      | Noticed Crazy Yiuf
  1058 | D:2      | HP: 1/36 [Crazy Yiuf/+4 quarterstaff of chaos (13)]
  1058 | D:2      | Slain by Crazy Yiuf

Illustrated notes

Levels and vault maps discovered:
D:1:      moated_graveyard_arrival, layout_basic
D:2:      layout_rooms, uniq_crazy_yiuf_cottage

Skill      XL: |  1  2  3  4 |
---------------+-------------+-----
Armour         | 4 |  4.0
Fighting       | 4 |  4.0
Maces & Flails | |  2.8
Shields        | |  4.9

Action                     |  1- 3 |  4- 6 || total
---------------------------+-------+-------++-------
  Melee: Flail             |   123 |    70 ||   193
    Use: Scroll            |       |     4 ||     4
         Potion            |       |     2 ||     2
 Armour: Scale mail        |    93 |    27 ||   120
  Dodge: Dodged            |    96 |    31 ||   127
  Block: Buckler           |    38 |    19 ||    57
